| TOP OF THE 1ST |
|
Montgomery Rebels batting - Pitching for Savannah Indians : LHP Dennis Rasmussen
|
|
Pitching: LHP Dennis Rasmussen
|
|
|
Batting: SHB Raul Gonzalez
|
0-0: Foul Ball, location: 2F 0-1: Fly out, F9 (Flyball, 9, EV 83.1 MPH)
|
|
Batting: RHB Kevin McGann
|
0-0: Swinging Strike 0-1: Swinging Strike 0-2: Ball 1-2: Fly out, F4 (Line Drive, 4, EV 64.4 MPH)
|
|
Batting: SHB Mike D Young
|
0-0: Foul Ball, location: 2F 0-1: Ball 1-1: Foul Ball, location: 2F 1-2: Foul Ball, location: 2F 1-2: Ball 2-2: Foul Ball, location: 2F 2-2: Foul Ball, location: 2F 2-2: Ball 3-2: Base on Balls
|
|
Batting: LHB Larry Ray
|
0-0: Swinging Strike 0-1: Foul Ball, location: 2F 0-2: Ball 1-2: Ball 2-2: Ball Mike D Young steals 2nd base 3-2: Strikes out swinging
|
| Top of the 1st over - 0 runs, 0 hits, 0 errors, 1 left on base; Montgomery 0 - Savannah 0 |
| BOTTOM OF THE 1ST |
|
Savannah Indians batting - Pitching for Montgomery Rebels : LHP Tony Ferreira
|
|
Pitching: LHP Tony Ferreira
|
|
|
Batting: RHB Talmadge Tanks
|
0-0: Ball 1-0: Foul Ball, location: 2F 1-1: Foul Ball, location: 2F 1-2: Ground out 1-3 (Groundball, 34S, EV 90.6 MPH)
|
|
Batting: RHB Darrell Woodard
|
0-0: Ground out 1-3 (Groundball, 34S, EV 67.5 MPH)
|
|
Batting: LHB Omar Guerrero
|
0-0: Fly out, F8 (Flyball, 8LS, EV 91.3 MPH)
|
| Bottom of the 1st over - 0 runs, 0 hits, 0 errors, 0 left on base; Montgomery 0 - Savannah 0 |
| TOP OF THE 2ND |
|
Montgomery Rebels batting - Pitching for Savannah Indians : LHP Dennis Rasmussen
|
|
Batting: RHB Victor Saenz
|
0-0: Ball 1-0: Called Strike 1-1: Foul Ball, location: 2F 1-2: Foul Ball, location: 2F 1-2: DOUBLE (Line Drive, 7D, EV 89.4 MPH)
|
|
Batting: LHB Mark Bingham
|
0-0: Ball 1-0: Ball 2-0: Swinging Strike 2-1: Ball 3-1: Swinging Strike 3-2: Foul Ball, location: 2F 3-2: Strikes out looking
|
|
Batting: RHB Brian Poldberg
|
0-0: Called Strike 0-1: Fly out, F4 (Popup, 13S, EV 87.5 MPH)
|
|
Batting: RHB Tom Goffena
|
0-0: Foul Ball, location: 2F 0-1: Foul Ball, location: 2F 0-2: Foul Ball, location: 2F 0-2: Ball 1-2: Foul Ball, location: 2F 1-2: Reached on error, E1 (Groundball, 15, EV 91.9 MPH) Victor Saenz scores
|
|
Batting: RHB Julio Beltran
|
0-0: Ball 1-0: Ball 2-0: Foul Ball, location: 2F 2-1: Ground out 4-3 (Groundball, 4, EV 103.8 MPH)
|
| Top of the 2nd over - 1 run, 1 hit, 1 error, 1 left on base; Montgomery 1 - Savannah 0 |
| BOTTOM OF THE 2ND |
|
Savannah Indians batting - Pitching for Montgomery Rebels : LHP Tony Ferreira
|
|
Batting: RHB Eugeniuo Cotes
|
0-0: Called Strike 0-1: Ball 1-1: Ball 2-1: Swinging Strike 2-2: Ball 3-2: Fly out, F8 (Flyball, 89D, EV 86.9 MPH)
|
|
Batting: LHB Ken Smith
|
0-0: Foul Ball, location: 2F 0-1: Ball 1-1: Fly out, F8 (Flyball, 8RXD, EV 96.3 MPH)
|
|
Batting: RHB Julio Collazo
|
0-0: Swinging Strike 0-1: Ball 1-1: Ball 2-1: Foul Ball, location: 2F 2-2: Ball 3-2: DOUBLE (Line Drive, 5D, EV 106.3 MPH)
|
|
Batting: LHB Mike McCain
|
0-0: Ground out 1-3 (Groundball, P, EV 75.0 MPH)
|
| Bottom of the 2nd over - 0 runs, 1 hit, 0 errors, 1 left on base; Montgomery 1 - Savannah 0 |
| TOP OF THE 3RD |
|
Montgomery Rebels batting - Pitching for Savannah Indians : LHP Dennis Rasmussen
|
|
Batting: SHB Raul Gonzalez
|
0-0: Foul Ball, location: 2F 0-1: SINGLE (Groundball, 6D, EV 100.0 MPH)
|
|
Batting: RHB Kevin McGann
|
0-0: Ball 1-0: Ball 2-0: Ball 3-0: Base on Balls Raul Gonzalez to second
|
|
Batting: SHB Mike D Young
|
0-0: Called Strike 0-1: Swinging Strike 0-2: Fielders Choice at 2nd, 6-4 (Groundball, 6, EV 84.4 MPH) Raul Gonzalez to third
|
|
Batting: LHB Larry Ray
|
0-0: Called Strike 0-1: Ball 1-1: Grounds into double play, 4-6-3 (Groundball, 4, EV 76.9 MPH)
|
| Top of the 3rd over - 0 runs, 1 hit, 0 errors, 1 left on base; Montgomery 1 - Savannah 0 |
| BOTTOM OF THE 3RD |
|
Savannah Indians batting - Pitching for Montgomery Rebels : LHP Tony Ferreira
|
|
Batting: RHB Alex Trevino
|
0-0: Fly out, F3 (Popup, 23F, EV 73.1 MPH)
|
|
Batting: RHB Mike Colbern
|
0-0: Called Strike 0-1: Ball 1-1: Ball 2-1: Ball 3-1: Hit by Pitch
|
|
Batting: RHB Talmadge Tanks
|
0-0: Called Strike 0-1: Ball 1-1: Ball Wild Pitch! Mike Colbern to second 2-1: Ball 3-1: Base on Balls
|
|
Batting: RHB Darrell Woodard
|
0-0: Bunted foul 0-1: Ball 1-1: Ground out 5-3 (Groundball, 5S, EV 73.1 MPH) Mike Colbern to third Talmadge Tanks to second
|
|
Batting: LHB Omar Guerrero
|
0-0: Called Strike 0-1: Foul Ball, location: 2F 0-2: Ball 1-2: Fly out, F7 (Flyball, 7LM, EV 104.4 MPH)
|
| Bottom of the 3rd over - 0 runs, 0 hits, 0 errors, 2 left on base; Montgomery 1 - Savannah 0 |
| TOP OF THE 4TH |
|
Montgomery Rebels batting - Pitching for Savannah Indians : LHP Dennis Rasmussen
|
|
Batting: RHB Victor Saenz
|
0-0: Ball 1-0: Ball 2-0: Called Strike 2-1: DOUBLE (Line Drive, 89M, EV 110.6 MPH)
|
|
Batting: LHB Mark Bingham
|
0-0: Foul Ball, location: 2F 0-1: Fly out, F7 (Line Drive, 7, EV 88.1 MPH)
|
|
Batting: RHB Brian Poldberg
|
0-0: Ball 1-0: Foul Ball, location: 2F 1-1: Swinging Strike 1-2: Strikes out looking
|
|
Batting: RHB Tom Goffena
|
0-0: Swinging Strike 0-1: Ball 1-1: Called Strike 1-2: Ball 2-2: Strikes out swinging
|
| Top of the 4th over - 0 runs, 1 hit, 0 errors, 1 left on base; Montgomery 1 - Savannah 0 |
| BOTTOM OF THE 4TH |
|
Savannah Indians batting - Pitching for Montgomery Rebels : LHP Tony Ferreira
|
|
Batting: RHB Eugeniuo Cotes
|
0-0: Ball 1-0: Ball 2-0: Foul Ball, location: 2F 2-1: Fly out, F8 (Flyball, 78M, EV 90.6 MPH)
|
|
Batting: LHB Ken Smith
|
0-0: Swinging Strike 0-1: Ball 1-1: Called Strike 1-2: Strikes out looking
|
|
Batting: RHB Julio Collazo
|
0-0: Called Strike 0-1: Ball 1-1: Foul Ball, location: 2F 1-2: Ball 2-2: Ball 3-2: Ground out 3-1 (Groundball, 34S, EV 80.6 MPH)
|
| Bottom of the 4th over - 0 runs, 0 hits, 0 errors, 0 left on base; Montgomery 1 - Savannah 0 |
| TOP OF THE 5TH |
|
Montgomery Rebels batting - Pitching for Savannah Indians : LHP Dennis Rasmussen
|
|
Batting: RHB Julio Beltran
|
0-0: Called Strike 0-1: SINGLE (Groundball, 4MD, EV 99.4 MPH)
|
|
Batting: SHB Raul Gonzalez
|
0-0: Bunted foul 0-1: Sac Bunt to 13 - play at first, batter OUT! 1-4 Julio Beltran to second
|
|
Batting: RHB Kevin McGann
|
0-0: Ball 1-0: Called Strike 1-1: Ball 2-1: Fly out, F4 (Popup, 13S, EV 83.1 MPH)
|
|
Batting: SHB Mike D Young
|
0-0: Ball 1-0: Foul Ball, location: 2F 1-1: Swinging Strike 1-2: Ball 2-2: Strikes out swinging
|
| Top of the 5th over - 0 runs, 1 hit, 0 errors, 1 left on base; Montgomery 1 - Savannah 0 |
| BOTTOM OF THE 5TH |
|
Savannah Indians batting - Pitching for Montgomery Rebels : LHP Tony Ferreira
|
|
Batting: LHB Mike McCain
|
0-0: Ball 1-0: Foul Ball, location: 2F 1-1: Ball 2-1: Ball 3-1: Swinging Strike 3-2: Ground out 2-3 (Groundball, 2R, EV 69.4 MPH)
|
|
Batting: RHB Alex Trevino
|
0-0: Ball 1-0: Called Strike 1-1: Ball 2-1: Foul Ball, location: 2F 2-2: Ball 3-2: Foul Ball, location: 2F 3-2: Base on Balls
|
|
Batting: RHB Mike Colbern
|
0-0: Ball Passed Ball! Alex Trevino to second 1-0: Called Strike 1-1: Ground out 5-3 (Groundball, 56, EV 84.4 MPH)
|
|
Batting: RHB Talmadge Tanks
|
0-0: Ground out U3 (Groundball, 3, EV 83.8 MPH)
|
| Bottom of the 5th over - 0 runs, 0 hits, 0 errors, 1 left on base; Montgomery 1 - Savannah 0 |
| TOP OF THE 6TH |
|
Montgomery Rebels batting - Pitching for Savannah Indians : LHP Dennis Rasmussen
|
|
Batting: LHB Larry Ray
|
0-0: Called Strike 0-1: Foul Ball, location: 2F 0-2: Ball 1-2: Ball 2-2: Foul Ball, location: 2F 2-2: Strikes out looking
|
|
Batting: RHB Victor Saenz
|
0-0: Called Strike 0-1: Ball 1-1: DOUBLE (Groundball, 5L, EV 107.5 MPH)
|
|
Batting: LHB Mark Bingham
|
0-0: Ball 1-0: Called Strike 1-1: Ball 2-1: Foul Ball, location: 2F 2-2: Foul Ball, location: 2F 2-2: Strikes out swinging
|
|
Batting: RHB Brian Poldberg
|
0-0: Foul Ball, location: 2F 0-1: Ball 1-1: Foul Ball, location: 2F 1-2: Strikes out looking
|
| Top of the 6th over - 0 runs, 1 hit, 0 errors, 1 left on base; Montgomery 1 - Savannah 0 |
| BOTTOM OF THE 6TH |
|
Savannah Indians batting - Pitching for Montgomery Rebels : LHP Tony Ferreira
|
|
Batting: RHB Darrell Woodard
|
0-0: Ground out 6-3 (Groundball, 6, EV 98.8 MPH)
|
|
Batting: LHB Omar Guerrero
|
0-0: Called Strike 0-1: SINGLE (Flyball, 78S, EV 90.6 MPH)
|
|
Batting: RHB Eugeniuo Cotes
|
0-0: Called Strike 0-1: Ball 1-1: Ball 2-1: Called Strike 2-2: Ball 3-2: Strikes out swinging
|
|
Batting: LHB Ken Smith
|
0-0: Ball 1-0: Ball 2-0: Foul Ball, location: 2F 2-1: Fly out, F8 (Flyball, 8RM, EV 88.8 MPH)
|
| Bottom of the 6th over - 0 runs, 1 hit, 0 errors, 1 left on base; Montgomery 1 - Savannah 0 |
| TOP OF THE 7TH |
|
Montgomery Rebels batting - Pitching for Savannah Indians : LHP Dennis Rasmussen
|
|
Batting: RHB Tom Goffena
|
0-0: Called Strike 0-1: Foul Ball, location: 2F 0-2: Strikes out swinging
|
|
Batting: RHB Julio Beltran
|
0-0: Called Strike 0-1: Swinging Strike 0-2: Fly out, F9 (Flyball, 9, EV 86.9 MPH)
|
|
Batting: SHB Raul Gonzalez
|
0-0: Called Strike 0-1: Ball 1-1: Ball 2-1: Ground out 5-3 (Groundball, 56S, EV 70.0 MPH)
|
| Top of the 7th over - 0 runs, 0 hits, 0 errors, 0 left on base; Montgomery 1 - Savannah 0 |
| BOTTOM OF THE 7TH |
|
Savannah Indians batting - Pitching for Montgomery Rebels : LHP Tony Ferreira
|
|
Batting: RHB Julio Collazo
|
0-0: Foul Ball, location: 2F 0-1: Called Strike 0-2: Ball 1-2: Foul Ball, location: 2F 1-2: Ball 2-2: Foul Ball, location: 2F 2-2: Foul Ball, location: 2F 2-2: Ball 3-2: Base on Balls
|
|
Batting: LHB Mike McCain
|
0-0: Ball 1-0: Bunted foul 1-1: Sac Bunt to 23 - play at first, batter OUT! 3-4 Julio Collazo to second
|
|
Batting: RHB Alex Trevino
|
0-0: Called Strike 0-1: Ball 1-1: Ball 2-1: Ball 3-1: Ground out 1-3 (Groundball, 15S, EV 66.9 MPH)
|
|
Batting: RHB Mike Colbern
|
0-0: Ground out 5-3 (Groundball, 5, EV 81.3 MPH)
|
| Bottom of the 7th over - 0 runs, 0 hits, 0 errors, 1 left on base; Montgomery 1 - Savannah 0 |
| TOP OF THE 8TH |
|
Montgomery Rebels batting - Pitching for Savannah Indians : LHP Dennis Rasmussen
|
|
Batting: RHB Kevin McGann
|
0-0: Swinging Strike 0-1: Foul Ball, location: 2F 0-2: Ball 1-2: Ground out 6-3 (Groundball, 6, EV 86.9 MPH)
|
|
Batting: SHB Mike D Young
|
0-0: Foul Ball, location: 2F 0-1: Ball 1-1: Fly out, F4 (Line Drive, 4, EV 64.4 MPH)
|
|
Batting: LHB Larry Ray
|
0-0: Ground out 6-3 (Groundball, 6M, EV 105.0 MPH)
|
| Top of the 8th over - 0 runs, 0 hits, 0 errors, 0 left on base; Montgomery 1 - Savannah 0 |
| BOTTOM OF THE 8TH |
|
Savannah Indians batting - Pitching for Montgomery Rebels : LHP Tony Ferreira
|
|
Batting: RHB Talmadge Tanks
|
0-0: Ball 1-0: Ball 2-0: Ball 3-0: Base on Balls
|
|
Batting: RHB Darrell Woodard
|
0-0: Bunted foul 0-1: Ball 1-1: Ball 2-1: Bunt missed! 2-2: Foul Ball, location: 2F 2-2: Foul Ball, location: 2F 2-2: Foul Ball, location: 2F 2-2: Ball 3-2: Strikes out looking
|
|
Batting: LHB Omar Guerrero
|
0-0: Called Strike 0-1: Foul Ball, location: 2F 0-2: Ball 1-2: Foul Ball, location: 2F 1-2: Strikes out swinging
|
|
Batting: RHB Eugeniuo Cotes
|
0-0: Called Strike 0-1: Foul Ball, location: 2F 0-2: Ball 1-2: Ball 2-2: Ball 3-2: Base on Balls Talmadge Tanks to second
|
|
Pinch Hitting: RHB Tony Incaviglia
|
0-0: Ball 1-0: Foul Ball, location: 2F 1-1: SINGLE (Line Drive, 7LS, EV 100.6 MPH) Talmadge Tanks to third Eugeniuo Cotes to second Runner from 3rd tries for Home, SAFE, throw by LF to home
|
|
Batting: RHB Julio Collazo
|
0-0: Called Strike 0-1: Swinging Strike 0-2: Strikes out swinging
|
| Bottom of the 8th over - 1 run, 1 hit, 0 errors, 2 left on base; Montgomery 1 - Savannah 1 |
| TOP OF THE 9TH |
|
Montgomery Rebels batting - Pitching for Savannah Indians : LHP Dennis Rasmussen
|
|
Pitching: RHP Joel Willett
|
|
|
Now in LF: Emilio Perez
|
|
|
Batting: RHB Victor Saenz
|
0-0: Ball 1-0: Ground out 6-3 (Groundball, 6, EV 83.8 MPH)
|
|
Batting: LHB Mark Bingham
|
0-0: Ball 1-0: Fly out, F8 (Flyball, 8LD, EV 93.1 MPH)
|
|
Pinch Hitting: LHB Oscar Ramirez
|
0-0: Fly out, F9 (Flyball, 9, EV 89.4 MPH)
|
| Top of the 9th over - 0 runs, 0 hits, 0 errors, 0 left on base; Montgomery 1 - Savannah 1 |
| BOTTOM OF THE 9TH |
|
Savannah Indians batting - Pitching for Montgomery Rebels : LHP Tony Ferreira
|
|
Now at C: Michael Shinn
|
|
|
Batting: LHB Mike McCain
|
0-0: Foul Ball, location: 2F 0-1: Ball 1-1: Fly out, F8 (Flyball, 8RM, EV 87.5 MPH)
|
|
Batting: RHB Alex Trevino
|
0-0: Called Strike 0-1: Ball 1-1: Fly out, F3 (Popup, 3F, EV 65.6 MPH)
|
|
Batting: RHB Mike Colbern
|
0-0: Fly out, F8 (Line Drive, 8LD, EV 98.1 MPH)
|
| Bottom of the 9th over - 0 runs, 0 hits, 0 errors, 0 left on base; Montgomery 1 - Savannah 1 |
| TOP OF THE 10TH |
|
Montgomery Rebels batting - Pitching for Savannah Indians : RHP Joel Willett
|
|
Pinch Hitting: SHB Keith Spreckels
|
0-0: Fly out, F8 (Flyball, 8RM, EV 93.8 MPH)
|
|
Batting: RHB Julio Beltran
|
0-0: Ball 1-0: Ball 2-0: Ball 3-0: Base on Balls
|
|
Batting: SHB Raul Gonzalez
|
0-0: Ball 1-0: Swinging Strike 1-1: Ball 2-1: Sac Bunt to 5S - play at first, batter safe! Julio Beltran to second
|
|
Batting: RHB Kevin McGann
|
0-0: Ball 1-0: Called Strike 1-1: Swinging Strike Passed Ball! Julio Beltran to third Raul Gonzalez to second 1-2: Foul Ball, location: 2F 1-2: Foul Ball, location: 2F 1-2: Fly out, F8 (Flyball, 78M, EV 89.4 MPH) Runner from 3rd tags up, SCORES, throw by CF
|
|
Batting: SHB Mike D Young
|
0-0: Fly out, F1 (Line Drive, P, EV 61.3 MPH)
|
| Top of the 10th over - 1 run, 1 hit, 0 errors, 1 left on base; Montgomery 2 - Savannah 1 |
| BOTTOM OF THE 10TH |
|
Savannah Indians batting - Pitching for Montgomery Rebels : LHP Tony Ferreira
|
|
Pitching: LHP Chuck McMichael
|
|
|
Now at SS: James Camacho
|
|
|
Batting: RHB Talmadge Tanks
|
0-0: Called Strike 0-1: Ball 1-1: Fly out, F8 (Flyball, 8RXD, EV 108.1 MPH)
|
|
Pinch Hitting: SHB Gary Pettis
|
0-0: Ball 1-0: Ball 2-0: Foul Ball, location: 2F 2-1: SINGLE (Line Drive, 34D, EV 102.5 MPH)
|
|
Batting: LHB Omar Guerrero
|
0-0: Ball 1-0: Ball 2-0: Ball 3-0: Called Strike 3-1: Base on Balls Gary Pettis to second
|
|
Batting: RHB Eugeniuo Cotes
|
0-0: Swinging Strike 0-1: Foul Ball, location: 2F 0-2: Hit by Pitch Gary Pettis to third Omar Guerrero to second
|
|
Pinch Hitting: RHB Igor Roosendaal
|
0-0: Ball 1-0: Ball 2-0: Ball 3-0: Base on Balls Gary Pettis scores Omar Guerrero to third Eugeniuo Cotes to second
|
|
Batting: RHB Julio Collazo
|
0-0: Ball 1-0: Foul Ball, location: 2F 1-1: GRAND SLAM HOME RUN (Line Drive, 7D, EV 100.0 MPH), Distance : 369 ft
|
| Bottom of the 10th over - 5 runs, 2 hits, 0 errors, 0 left on base; Montgomery 2 - Savannah 6 |
|